 Dungeon Crawl Stone Soup version 0.25-a0-834-g55863b0b92 (webtiles) character file.

Game seed: 9338615203874790383, levelgen mode: classic

600189 Amnesiac the Englaciator (level 27, -3/248 (249) HPs)
             Began as a Barachi Ice Elementalist on Apr 20, 2020.
             Was the Champion of Vehumet.
             Killed from afar by a starcursed mass (5 damage)
             ... with an accursed screaming
             ... on level 3 of the Abyss on Apr 22, 2020.
             The game lasted 02:46:26 (62971 turns).

Amnesiac the Englaciator (BaIE)                    Turns: 62971, Time: 02:46:27

HP:   -3/248 (249)  AC: 17    Str:  8    XL:     27
MP:   0/59          EV: 28    Int: 44    God:    Vehumet [******]
Gold: 3717          SH:  8    Dex: 17    Spells: 18/72 levels left

rFire    . . .     SeeInvis .   a - +9 scimitar "Tormentor" {distort, MP+9 Int+3 Stlth+}
rCold    . . .     Gourm    .   K - +3 buckler {AC+3}
rNeg     + + +     Faith    .   N - +2 robe {Archmagi}
rPois    +         Spirit   +   Z - +2 hat {Int+3}
rElec    .         Reflect  .   C - +2 cloak {rPois}
rCorr    .         Harm     .   o - +2 pair of gloves {Dex+3}
MR       +++..     Rnd*Rage +   k - +2 pair of boots {run}
Stlth    +++.......             q - amulet of Avvo Bao {Spirit Int+4 Dex+2}
HPRegen  0.00/turn              Q - ring "Foelus" {Wiz rN+ MR+ Int+3}
MPRegen  0.36/turn              W - ring "Vouxze" {rN++ Int+5 Dex+3}

@: berserk cooldown, very slightly contaminated, non-regenerating, badly
diseased, slowed, studying Conjurations, very slow
A: +LOS, swims, [berserk 2], [clumsy 2], [deformed body], [deterioration 2],
screaming 1[+2], slowness 1, [weak 2], subdued magic 1[+2], strong legs 2
}: 3/15 runes: decaying, serpentine, slimy
a: Hop, Renounce Religion


You were on level 3 of the Abyss.
You worshipped Vehumet.
Vehumet was exalted by your worship.
You were hungry.

You visited 10 branches of the dungeon, and saw 48 of its levels.
You visited the Abyss 1 time.
You also visited: Gauntlet, Volcano and Wizlab.

You collected 7175 gold pieces.
You spent 3458 gold pieces at shops.

Inventory:

Hand Weapons
 a - the +9 scimitar "Tormentor" (weapon) {distort, MP+9 Int+3 Stlth+}
   (You took it off a nagaraja on level 3 of the Snake Pit)

   It warps and distorts space around it.
   Unwielding it can cause banishment or high damage.
   It affects your intelligence (+3).
   It affects your magic capacity (+9).
   It makes you more stealthy.
Missiles
 r - 18 curare-tipped darts (quivered)
 P - 3 throwing nets
Armour
 i - the +4 moon troll leather armour {Spirit, Regen++ MP+5}
   (You took it off a moon troll in a wizard's laboratory)

   It affects your magic capacity (+5).
   It increases your rate of regeneration.
 k - a +2 pair of boots of running (worn)
 m - a +2 buckler of fire resistance
 o - a +2 pair of gloves of dexterity (worn)
 C - a +2 cloak of poison resistance (worn)
 K - a +3 buckler of protection (worn)
 N - a +2 robe of the Archmagi (worn)
 Z - a +2 hat of intelligence (worn)
Jewellery
 h - an uncursed ring of stealth {unknown}
 q - the amulet of Avvo Bao (around neck) {Spirit Int+4 Dex+2}
   (You bought it in a shop on level 2 of the Snake Pit)

   [amulet of guardian spirit]

   It causes incoming damage to be split between your health and magic.
   It affects your intelligence (+4).
   It affects your dexterity (+2).
 u - an uncursed ring of protection from fire
 w - an uncursed ring of magical power {unknown}
 D - the ring "Boxaisoi" {rF+ rN+}
   (You found it in a wizard's laboratory)

   [ring of protection from fire]

   It protects you from fire.
   It protects you from negative energy.
 Q - the ring "Foelus" (left hand) {Wiz rN+ MR+ Int+3}
   (You bought it in a shop on level 15 of the Dungeon)

   [ring of wizardry]

   It improves your spell success rate.
   It affects your intelligence (+3).
   It protects you from negative energy.
   It affects your resistance to hostile enchantments.
 W - the ring "Vouxze" (right hand) {rN++ Int+5 Dex+3}
   (You found it on level 5 of the Pits of Slime)

   [ring of dexterity]

   It affects your intelligence (+5).
   It affects your dexterity (+3).
   It greatly protects you from negative energy.
Wands
 j - a wand of clouds (2)
 l - a wand of polymorph (18)
 t - a wand of scattershot (8)
 E - a wand of iceblast (17)
 H - a wand of paralysis (17)
 J - a wand of enslavement (48)
 L - a wand of flame (34)
 M - a wand of digging (7)
 V - a wand of acid (49)
 Y - a wand of random effects (39)
Scrolls
 e - a scroll of blinking {!r}
 g - 5 scrolls of fear {!r}
 s - 15 scrolls of teleportation {!r}
 y - 5 scrolls of magic mapping {!r}
 B - 13 scrolls of remove curse {!r}
 F - 2 scrolls of fog {!r}
 O - a scroll of torment {!r}
 R - 2 scrolls of summoning {!r}
Potions
 d - a potion of magic {!q}
 n - 4 potions of resistance {!q}
 p - 13 potions of curing {!q}
 v - 7 potions of haste {!q}
 x - 4 potions of brilliance {!q}
 z - 2 potions of mutation {!q}
 A - 9 potions of heal wounds {!q}
 G - 5 potions of might {!q}
 I - 3 potions of cancellation {!q}
 U - 7 potions of flight {!q}
 X - 2 potions of invisibility {!q}
Books
 b - a manual of Conjurations
Miscellaneous
 S - a phial of floods
 T - 3 phantom mirrors
Comestibles
 c - 50 rations


   Skills:
 O Level 27 Fighting
 + Level 3.0 Long Blades
   Level 6.0 Staves
 + Level 20.7 Dodging
 - Level 2.0 Stealth
 - Level 4.0 Shields
 + Level 23.1 Spellcasting
 O Level 27 Ice Magic
 - Level 4.0 Air Magic
 - Level 4.0 Evocations


You had 18 spell levels left.
You knew the following spells:

 Your Spells              Type           Power        Failure   Level  Hunger
a - Absolute Zero         Ice            ########..   1%          9    None
b - Ozocubu's Refrigerat  Ice            ########..   0%          6    None
c - Summon Ice Beast      Ice/Summ       #######.     0%          4    None
d - Frozen Ramparts       Ice            ######       0%          3    None
e - Airstrike             Air            ######....   1%          4    None
f - Summon Lightning Spi  Summ/Air       ######..     1%          4    None
g - Mephitic Cloud        Conj/Pois/Air  #####...     1%          3    None
h - Metabolic Englaciati  Hex/Ice        #######...   0%          5    None
i - Swiftness             Chrm/Air       ######..     0%          2    None
j - Freeze                Ice            ####         0%          1    None
k - Leda's Liquefaction   Hex/Erth       #####.....   1%          4    None
w - Freezing Cloud        Conj/Ice/Air   #######...   1%          6    None
z - Ozocubu's Armour      Chrm/Ice       #######.     0%          3    None

Your spell library contained the following spells:

 Spells                   Type           Power        Failure   Level  Hunger
 Chain Lightning          Conj/Air       ######....   56%         8    None
 Fire Storm               Conj/Fire      #####.....   100%        9    None
 Shock                    Conj/Air       ####         0%          1    None
 Corpse Rot               Necr/Air       N/A          0%          2    None
 Ensorcelled Hibernation  Hex/Ice        ######       0%          2    None
 Hailstorm                Conj/Ice       #######.     0%          4    None
 Ice Form                 Ice/Tmut       #######.     0%          4    None
 Simulacrum               Ice/Necr       #######...   0%          6    None
 Animate Skeleton         Necr           N/A          1%          1    None
 Apportation              Tloc           #####.       1%          1    None
 Corona                   Hex            #####..      1%          1    None
 Magic Dart               Conj           ####         1%          1    None
 Sandblast                Erth           #####.       1%          1    None
 Summon Butterflies       Summ           #####...     1%          1    None
 Summon Small Mammal      Summ           ####         1%          1    None
 Call Imp                 Summ           #####...     1%          2    None
 Searing Ray              Conj           #####.       1%          2    None
 Slow                     Hex            #####...     1%          2    None
 Call Canine Familiar     Summ           #####...     1%          3    None
 Confusing Touch          Hex            #####...     1%          3    None
 Dazzling Flash           Conj/Hex       #####.       1%          3    None
 Gell's Gravitas          Tloc           #####.....   1%          3    None
 Ignite Poison            Fire/Tmut/Pois #####...     1%          3    None
 Inner Flame              Hex/Fire       #####...     1%          3    None
 Portal Projectile        Hex/Tloc       #####.       1%          3    None
 Static Discharge         Conj/Air       ######..     1%          3    None
 Stone Arrow              Conj/Erth      #####.       1%          3    None
 Summon Guardian Golem    Hex/Summ       #####...     1%          3    None
 Tukima's Dance           Hex            #####...     1%          3    None
 Cause Fear               Hex            #####.....   1%          4    None
 Fulminant Prism          Conj/Hex       #####.....   1%          4    None
 Iskenderun's Mystic Bla  Conj/Tloc      #####...     1%          4    None
 Petrify                  Tmut/Erth      #####...     1%          4    None
 Alistair's Intoxication  Tmut/Pois      #####...     1%          5    None
 Blade Hands              Tmut           #####.....   1%          5    None
 Bolt of Magma            Conj/Fire/Erth #####.....   1%          5    None
 Borgnjor's Vile Clutch   Necr/Erth      #####.....   1%          5    None
 Irradiate                Conj/Tmut      #####.....   1%          5    None
 Iskenderun's Battlesphe  Conj/Chrm      #####...     1%          5    None
 Lightning Bolt           Conj/Air       ######....   1%          5    None
 Silence                  Hex/Air        ######....   1%          5    None
 Summon Forest            Summ/Tloc      #####.....   1%          5    None
 Yara's Violent Unravell  Hex/Tmut       #####.....   1%          5    None
 Iron Shot                Conj/Erth      #####.....   4%          6    None
 Darkness                 Hex            #####.....   14%         6    None
 Eringya's Noxious Bog    Tmut/Pois      #####.....   14%         6    None
 Hydra Form               Tmut           #####.....   14%         6    None
 Shadow Creatures         Summ           N/A          14%         6    None
 Statue Form              Tmut/Erth      #####....    14%         6    None
 Orb of Destruction       Conj           #####.....   22%         7    None
 Spellforged Servitor     Conj/Summ      #####.....   22%         7    None
 Dragon Form              Tmut           #####.....   63%         7    None
 Summon Hydra             Summ           #####.....   63%         7    None
 Lehudib's Crystal Spear  Conj/Erth      #####.....   82%         8    None
 Shatter                  Erth           #####.....   100%        9    None


Dungeon Overview and Level Annotations

Branches:
Dungeon (15/15)            Temple (1/1) D:4            Lair (6/6) D:8
  Swamp (4/4) Lair:3        Snake (4/4) Lair:4        Slime (5/5) Lair:5
    Orc (2/2) D:12            Elf (0/3) Orc:2        Vaults (5/5) D:14
  Crypt (0/3) Vaults:2     Depths (5/5) D:15           Hell (visited)
    Dis (0/7) Hell            Geh (0/7) Hell            Coc (0/7) Hell
    Tar (0/7) Hell            Zot (0/5) Depths:5    Volcano (visited)
 WizLab (visited)         Gauntlet (visited)

Altars:
Ashenzari
Cheibriados
Dithmenos
Elyvilon
Fedhas
Gozag
Hepliaklqana
Kikubaaqudgha
Makhleb
Nemelex Xobeh
Okawaru
Qazlal
Ru
Sif Muna
Trog
Uskayaw
Vehumet
Wu Jian
Xom
Yredelemnul
Zin
The Shining One
Jiyva

Shops:
D:6 :   D:7 :?!   D:14 [   D:15 }*((*%   Orc:2 ((%(   Snake:1 [   Snake:2 :=!(
Vaults:1 !   Vaults:2 ?%[}}

Portals:
Hell: Depths:1 Depths:2 Depths:3 Depths:4 Depths:5
Abyss: Snake:3 Depths:4 Depths:5
Pandemonium: Depths:3
Ziggurat: Depths:5


Innate Abilities, Weirdness & Mutations

You can be seen from farther away. (+LOS)
You can swim through water.
You cover ground slowly.
You can hop long distances.
[You often lose your temper in combat.]
[You are very clumsy. (Dex -4)]
[Armour fits poorly on your strangely shaped body.]
[Your body often deteriorates upon taking damage.]
[You frequently scream uncontrollably at your foes.]
[You are very weak. (Str -4)]
[Your spells are much easier to cast, but much less powerful.]


Message History

You are too berserk!
You are too berserk!
You are no longer berserk.
You are exhausted.
You feel yourself slow down.
The starspawn tentacle completely misses you.
A starcursed mass splits.
Really read
e - 3 scrolls of blinking {!r}?
Blink to where?
Press: ? - help, Dir - move target cursor
Okay, then.
Unknown command.
Saving game... please wait.
Welcome back, Amnesiac the Barachi Ice Elementalist.
Vehumet says: Let it end in hellfire!
Press ? for a list of commands and other information.
Unknown command.
Unknown command.
You cannot drink potions in your current state!
You cannot drink potions in your current state!
You cannot drink potions in your current state!
Okay, then.
Okay, then.
Really read
e - 3 scrolls of blinking {!r}?
Blink to where?
Press: ? - help, Dir - move target cursor
As you read the scroll of blinking {!r}, it crumbles to dust.
The wretched star pulses with an eldritch light!
You feel clumsy. x2
Your connection to magic feels more subdued.
Your connection to magic feels nearly dormant.
A starcursed mass splits. x2
You bellow at the starspawn tentacle! 2 starspawn tentacles come into view.
You cannot drink potions in your current state!
Unknown command.
Really read
e - 2 scrolls of blinking {!r}?
Blink to where?
Press: ? - help, Dir - move target cursor
As you read the scroll of blinking {!r}, it crumbles to dust.
A starspawn tentacle segment comes into view.
You are feeling hungry.
You hear a roar!
Unknown command.
A starcursed mass splits.
A tentacle flies out from the starspawn's body!
A starcursed mass splits. x3
A starspawn tentacle comes into view.
Unknown command.
Tentacles burst from the starspawn's body!
A starcursed mass splits. 2 starspawn tentacles come into view.
Unknown command.
You can drink potions again.
The wretched star pulses with an eldritch light!
You feel yourself wasting away.
You feel your body start to fall apart.
The starspawn tentacle completely misses you.
Unknown command.
Unknown command.
Unknown command.
A smoke demon comes into view.
The starspawn tentacle completely misses you.
A cacophony of accursed wailing tears at your sanity!
You die...

##..##.##..##
#...#...#...#
#..XX.w.──..#
##..#.XXX.#│.##
#..*#..X*X#│..#
#...XX.4XXX│..#
##.. X#3#.X│.##
### ..#XXw###.
#.*...#@∩#
###X###..#
###..### #..#
#.3#.#. ##. ..
.# .


You could see 11 starcursed masses, 2 tentacled starspawn, a wretched star, a
rust devil, a sixfirhy, a smoke demon (wandering) and 2 starspawn tentacles.

Vanquished Creatures
  the Royal Jelly (Slime:5)
  3 juggernauts
  Sojobo (Depths:3)
  Saint Roka (Depths:3)
  A caustic shrike (Depths:2)
  Margery (Vaults:2)
  Bai Suzhen (Swamp:3)
  Geryon (Hell)
  6 golden dragons
  Nikola (Vaults:2)
  Jorgrun (Snake:2)
  Rupert (Lair:6)
  Asterion (Snake:1)
  8 tentacled monstrosities
  The ghost of Ofeuj the Hoplite, an adept MiBe of Trog (Snake:3)
  7 liches
  A moon troll (WizLab)
  4 titans
  2 Executioners
  36 acid blobs
  8 sphinxes
  9 tentacled starspawn
  The ghost of Flugslaktarn the Severer, an adept DDFi of Makhleb (Snake:4)
  5 thorn hunters
  Kirke (D:13)
  2 storm dragons
  6 tengu reavers
  6 shadow dragons
  Donald (Swamp:4)
  3 daevas (Depths:5)
  12 nagarajas
  Roxanne (Snake:2)
  23 azure jellies
  2 deep elf sorcerers
  10 fire giants
  A draconian knight (Depths:5)
  An orc warlord (Orc:1)
  7 frost giants
  3 iron dragons
  Aizul (Snake:4)
  A caustic shrike zombie (Hell)
  A deep elf elementalist (Vaults:5)
  3 cacodemons
  A draconian shifter (Depths:5)
  5 vault wardens
  A balrug (Hell)
  6 ironheart preservers
  The ghost of Pyxoaj the Bludgeoner, a journeyman GrBe of Trog (Swamp:2)
  27 stone giants
  5 war gargoyles
  3 spriggan defenders
  4 reapers (Hell)
  34 very ugly things
  2 deep elf demonologists
  An entropy weaver (Vaults:5)
  A dire elephant (Lair:3)
  2 starcursed masses (WizLab)
  2 vampire knights
  A black draconian (Depths:5)
  Azrael (D:12)
  A minotaur (Gauntlet)
  8 spark wasps
  A green draconian (Depths:5)
  3 deep elf annihilators
  A white draconian (Depths:5)
  17 ettins
  2 red draconians (Depths:5)
  An ettin (shapeshifter) (Depths:4)
  17 death oozes
  A crystal guardian (WizLab)
  Snorg (Lair:3)
  6 deep elf death magi
  17 yaktaur captains
  4 deep elf high priests
  A kraken zombie (Hell)
  14 fire dragons
  Josephine (Swamp:1)
  21 great orbs of eyes
  29 vault guards
  8 ice dragons
  16 hydras
  14 naga warriors
  A catoblepas (D:13)
  13 anacondas
  A ghost crab (Swamp:4)
  17 centaur warriors
  11 rakshasas
  5 spriggan air magi
  2 shambling mangroves (Swamp:3)
  A death knight (D:11)
  19 two-headed ogres
  12 ogre magi
  16 alligators
  A two-headed ogre (shapeshifter) (Depths:4)
  14 deep troll shamans
  8 tengu warriors
  3 spriggan berserkers
  5 death yaks (Lair:4)
  12 deep troll earth magi
  10 shock serpents
  2 vampire magi
  6 orc high priests
  Urug (Orc:2)
  11 hell hogs
  9 naga sharpshooters
  A wretched star (WizLab)
  4 thrashing horrors (Abyss:3)
  5 deep elf knights
  6 soul eaters
  2 iron golems (Hell)
  8 sun demons (Hell)
  30 hell knights
  Nergalle (Orc:1)
  2 salamander mystics
  2 iron trolls
  2 unseen horrors
  A death drake (shapeshifter) (Depths:3)
  An orange crystal statue (WizLab)
  2 skeletal warriors (Vaults:2)
  2 flayed ghosts
  A spark wasp zombie (Hell)
  A swamp dragon (Swamp:2)
  4 wizards
  A storm dragon skeleton (Depths:2)
  25 deep trolls
  An anaconda skeleton (Hell)
  A tengu zombie (Hell)
  A swamp dragon (shapeshifter) (D:15)
  12 glowing orange brains
  16 necromancers
  A deep elf archer (Vaults:2)
  Pikel (D:5)
  5 ironbrand convokers
  A sphinx zombie (Hell)
  9 naga ritualists
  A lindwurm (shapeshifter) (Depths:4)
  A shadow dragon zombie (Depths:2)
  8 orc knights
  A lindwurm (Lair:6)
  21 ugly things
  12 mana vipers
  A frost giant zombie (Hell)
  A manticore (shapeshifter) (Depths:2)
  10 deep elf magi
  7 cyclopes
  A glowing shapeshifter (Depths:5)
  11 salamanders
  184 slime creatures
  2 fire giant zombies
  8 shining eyes
  7 orc sorcerers
  A tengu skeleton (Depths:2)
  3 oklob plants (Lair:4)
  2 salamanders (shapeshifter)
  30 black mambas
  A stone giant skeleton (Vaults:2)
  2 frost giant skeletons (Vaults:2)
  2 centaur zombies
  An ice statue (Hell)
  22 elephants
  10 rust devils
  A gargoyle (D:15)
  28 naga magi
  3 molten gargoyles
  4 guardian serpents
  5 smoke demons
  A spriggan skeleton (Depths:1)
  10 eyes of devastation
  34 spiny frogs
  A torpor snail (shapeshifter) (Depths:3)
  2 vault sentinels (Vaults:2)
  2 spiny frogs (shapeshifter)
  62 yaktaurs
  12 komodo dragons
  2 kobold demonologists (D:14)
  3 rime drakes
  4 freezing wraiths (Swamp:4)
  2 hellions (Hell)
  A yaktaur (shapeshifter) (Vaults:2)
  2 ancient zymes (Abyss:3)
  An efreet (D:14)
  A tormentor (Hell)
  A spriggan zombie (Hell)
  2 ice devils (Hell)
  A tengu conjurer (Depths:3)
  A polar bear (Lair:6)
  A meliai (D:12)
  A merfolk (shapeshifter) (Vaults:1)
  2 hydra zombies (Hell)
  9 trolls
  4 red devils (Hell)
  A tyrant leech (shapeshifter) (Depths:5)
  A queen bee (Lair:1)
  14 tyrant leeches
  16 hornets
  2 alligator zombies (Hell)
  18 blink frogs
  11 bog bodies
  A raiju (Snake:3)
  2 dream sheep (D:8)
  An ettin zombie (Hell)
  3 meliai zombies
  A fire dragon zombie (Hell)
  3 raiju (shapeshifter) (Vaults:1)
  15 hippogriffs
  2 elf zombies
  5 spriggans
  2 tarantellas (shapeshifter)
  A wyvern (D:11)
  9 redbacks
  3 large abominations (Abyss:3)
  A vampire (D:14)
  A water elemental (Hell)
  5 wraiths
  2 fire bats (Volcano)
  30 yaks
  A deep troll skeleton (Depths:1)
  2 basilisks
  4 fire elementals (Hell)
  5 hogs (D:13)
  22 golden eyes
  A neqoxec (WizLab)
  A spriggan simulacrum (Depths:1)
  28 vampire mosquitoes
  5 swamp worm simulacra (Swamp:4)
  A chaos spawn (Abyss:3)
  A hungry ghost (D:13)
  A steam dragon (D:3)
  5 wargs
  An insubstantial wisp (Swamp:2)
  A soldier ant (D:13)
  5 acid dragons
  55 nagas
  21 swamp worms
  35 water moccasins
  Duvessa (D:6)
  14 hydra simulacra (Swamp:4)
  4 floating eyes
  10 porcupines
  2 floating eyes (shapeshifter) (Depths:5)
  5 hell hounds
  2 human skeletons
  5 ice beasts
  28 orc warriors
  A deep troll simulacrum (Depths:1)
  9 sky beasts
  2 slaves (D:5)
  A spiny frog skeleton (Hell)
  8 swamp drakes
  8 eyes of draining
  2 black bears
  A necrophage (D:10)
  2 phantoms
  4 wolves (Lair:3)
  11 boggarts
  34 ogres
  29 centaurs
  9 crocodiles
  12 big kobolds
  33 bullfrogs
  A spiny frog simulacrum (Hell)
  Dowan (D:6)
  A wyvern skeleton (D:12)
  3 scorpions
  22 killer bees
  3 wights (D:7)
  6 electric eels
  8 crimson imps
  5 lava snakes (Volcano)
  A bullfrog zombie (D:5)
  4 hounds
  A quasit (Abyss:3)
  9 centaur skeletons
  10 jellies
  17 orc priests
  29 orc wizards
  2 bullfrog skeletons
  An iron imp (Abyss:3)
  4 iguanas
  11 worker ants
  6 hell rats (Hell)
  A nameless horror (D:10)
  4 small abominations (Abyss:3)
  2 worker ant zombies (D:10)
  32 adders
  5 shadow imps
  2 ufetubi (Abyss:3)
  6 oozes
  3 swamp drake simulacra (Swamp:4)
  An adder skeleton (D:6)
  5 worms
  A dart slug (D:1)
  5 leopard geckos
  119 orcs
  6 giant cockroaches
  6 goblins
  7 hobgoblins
  20 jackals
  3 quokkas
  3 ball pythons
  3 bats
  4 frilled lizards
  28 kobolds
  A leopard gecko skeleton (D:8)
  A quokka skeleton (D:9)
  A quokka zombie (D:5)
  6 rats
  30 blocks of ice
  27 briar patches
  6 demonic plants (WizLab)
  21 fungi
  A lurking horror (Snake:3)
  78 plants
  2 starspawn tentacles (Snake:3)
2517 creatures vanquished.

Vanquished Creatures (collateral kills)
  An orange crystal statue (D:9)
  A nameless horror (D:10)
  A sky beast (D:11)
  An ice beast (D:10)
  A necrophage (D:5)
  A centaur (D:10)
  A wight (D:7)
7 creatures vanquished.

Vanquished Creatures (others)
  A frost giant (Vaults:5)
  A two-headed ogre (Vaults:5)
  A warg (Depths:3)
  4 insubstantial wisps (Swamp:4)
  A slave (D:5)
  An ogre (Vaults:2)
  A crocodile (D:8)
  2 orc priests
  An orc wizard (Orc:2)
  An orc (D:5)
  178 blocks of ice
  A briar patch (Swamp:2)
  A demonic plant (WizLab)
  87 fungi
  45 plants
  13 starspawn tentacles
339 creatures vanquished.

Grand Total: 2863 creatures vanquished

Notes
Turn   | Place    | Note
-------+----------+-------------------------------------------
     0 | D:1      | Amnesiac the Barachi Ice Elementalist began the quest for
                  | the Orb.
     0 | D:1      | Reached XP level 1. HP: 13/13 MP: 3/3
   161 | D:2      | Reached skill level 5 in Ice Magic
   235 | D:2      | Reached XP level 2. HP: 15/19 MP: 0/5
   631 | D:1      | Reached XP level 3. HP: 23/24 MP: 4/6
   636 | D:1      | Learned a level 3 spell: Frozen Ramparts
   640 | D:1      | Learned a level 3 spell: Ozocubu's Armour
  1426 | D:1      | Reached XP level 4. HP: 28/30 MP: 8/8
  2415 | D:3      | Found a transporter.
  2417 | D:3      | Noticed a steam dragon
  2422 | D:3      | Found a transporter.
  2422 | D:3      | Noticed a big kobold
  2508 | D:3      | Reached XP level 5. HP: 31/35 MP: 5/10
  3007 | D:3      | Found a bloodstained altar of Trog.
  3009 | D:3      | Found a stormy altar of Qazlal.
  3295 | D:4      | Reached XP level 6. HP: 41/41 MP: 7/11
  3580 | D:4      | Found a staircase to the Ecumenical Temple.
  3884 | D:4      | Found a basalt altar of Yredelemnul.
  3894 | D:4      | Found a sparkling altar of Nemelex Xobeh.
  4019 | Temple   | Entered the Ecumenical Temple
  4072 | Temple   | Became a worshipper of Vehumet
  4108 | D:5      | Entered Level 5 of the Dungeon
  4122 | D:5      | Learned a level 4 spell: Summon Ice Beast
  4209 | D:5      | Noticed an ice beast
  4294 | D:5      | Reached XP level 7. HP: 20/46 MP: 6/13
  4583 | D:5      | Noticed Pikel
  4597 | D:5      | Killed Pikel
  4597 | D:5      | Reached skill level 5 in Spellcasting
  4597 | D:5      | Reached skill level 10 in Ice Magic
  4597 | D:5      | Reached XP level 8. HP: 52/52 MP: 8/16
  5180 | D:5      | Found a sacrificial altar of Ru.
  5317 | D:5      | Got a tattered robe
  5509 | D:6      | Learned a level 4 spell: Hailstorm
  5637 | D:6      | Found Cietul's Book Shop.
  5729 | D:6      | Found a white marble altar of Elyvilon.
  5821 | D:6      | Reached * piety under Vehumet
  5821 | D:6      | Offered knowledge of Foxfire by Vehumet.
  5821 | D:6      | Reached XP level 9. HP: 44/57 MP: 10/19
  6092 | D:6      | Noticed Duvessa
  6105 | D:6      | Noticed Dowan
  6113 | D:6      | Killed Duvessa
  6115 | D:6      | Killed Dowan
  6338 | D:7      | Found Aggyfehe's Magic Scroll Shoppe.
  6338 | D:7      | Found Vufet's Distillery.
  6354 | D:7      | Bought a scroll of identify for 24 gold pieces
  6354 | D:7      | Bought a scroll of teleportation for 36 gold pieces
  6358 | D:7      | Bought a potion of curing for 39 gold pieces
  6358 | D:7      | Bought a potion of lignification for 39 gold pieces
  6599 | D:7      | Found a hazy altar of Hepliaklqana.
  6884 | D:7      | Reached skill level 1 in Evocations
  7025 | D:7      | Found Vaobu's Book Shop.
  7194 | D:8      | Offered knowledge of Magic Dart by Vehumet.
  7225 | D:8      | Reached ** piety under Vehumet
  7242 | D:8      | Reached XP level 10. HP: 47/63 MP: 18/22
  7280 | D:8      | Noticed a three-headed hydra
  7286 | D:8      | Killed a one-headed hydra
  7289 | D:8      | Got a brightly glowing halberd
  7292 | D:8      | Identified the +6 halberd "Killer Bee's Regret" {vorpal,
                  | rPois Int+5} (You found it on level 8 of the Dungeon)
  7673 | D:8      | Noticed an elephant
  7681 | D:8      | Killed an elephant
  7814 | D:8      | Found a staircase to the Lair.
  7981 | D:8      | Offered knowledge of Mephitic Cloud by Vehumet.
  7989 | D:8      | Learned a level 3 spell: Mephitic Cloud
  8428 | D:9      | Identified the +8 great mace of Dutaung {flame, rF+ Int+4
                  | Dex-2 Stlth+}
  8454 | D:9      | Identified the cursed +0 robe of the Morning Star {Int+4
                  | Dex+2} (You found it on level 5 of the Dungeon)
  8495 | D:9      | Reached skill level 1 in Air Magic
  8505 | D:9      | Noticed a centaur warrior
  8590 | D:9      | Learned a level 4 spell: Summon Lightning Spire
  9166 | D:9      | Noticed an orange crystal statue
  9170 | D:9      | Noticed a two-headed ogre
  9357 | D:9      | Noticed a two-headed ogre
  9362 | D:9      | Killed a two-headed ogre
  9362 | D:9      | Reached skill level 15 in Ice Magic
  9362 | D:9      | Reached XP level 11. HP: 21/68 MP: 22/24
  9374 | D:9      | Reached *** piety under Vehumet
  9660 | D:9      | Noticed a two-headed ogre
  9668 | D:9      | Killed a two-headed ogre
  9994 | D:9      | Found a sacrificial altar of Ru.
 10190 | D:9      | Killed a centaur warrior
 10478 | D:9      | Got an encrusted long sword
 10486 | D:9      | Identified the +6 long sword of the Undead {venom, Str+2
                  | Dex+2} (You found it on level 9 of the Dungeon)
 12027 | D:9      | Noticed a two-headed ogre
 12195 | D:9      | Killed an orange crystal statue
 12267 | D:10     | Entered Level 10 of the Dungeon
 12354 | D:10     | Noticed a two-headed ogre
 12367 | D:10     | Killed a two-headed ogre
 12367 | D:10     | Reached skill level 10 in Spellcasting
 12901 | D:10     | Offered knowledge of Stone Arrow by Vehumet.
 13615 | D:11     | Noticed a cyclops
 13958 | D:11     | Noticed a four-headed hydra
 13973 | D:11     | Killed a four-headed hydra
 14207 | D:11     | Noticed a death knight
 14238 | D:11     | Killed a death knight
 14456 | D:11     | Reached XP level 12. HP: 74/74 MP: 22/26
 14514 | D:11     | Reached **** piety under Vehumet
 14527 | D:11     | Noticed a fire dragon
 14673 | D:11     | Killed a fire dragon
 14721 | D:11     | HP: 4/111 [unseen horror (7)]
 15525 | D:12     | Found a staircase to the Orcish Mines.
 15534 | D:12     | Offered knowledge of Airstrike by Vehumet.
 15540 | D:12     | Learned a level 4 spell: Airstrike
 15675 | D:12     | Noticed Azrael
 15702 | D:12     | Killed Azrael
 16902 | D:12     | Noticed a centaur warrior
 16924 | D:12     | Killed a centaur warrior
 16933 | D:12     | Got a bloodstained ring mail
 16936 | D:12     | Got a spiked chain mail
 16950 | D:12     | Identified the +1 ring mail "Xuall" {Int+7} (You found it
                  | on level 12 of the Dungeon)
 16960 | D:12     | Identified the +1 chain mail of the Dwarven Hall {rElec MR-
                  | Int+6} (You found it on level 12 of the Dungeon)
 17235 | Orc:1    | Entered Level 1 of the Orcish Mines
 17242 | Orc:1    | Learned a level 5 spell: Metabolic Englaciation
 17619 | Orc:2    | Entered Level 2 of the Orcish Mines
 17619 | Orc:2    | Noticed an orc high priest
 17630 | Orc:1    | Reached ***** piety under Vehumet
 17719 | Orc:1    | Noticed Nergalle
 17729 | Orc:1    | Offered knowledge of Olgreb's Toxic Radiance by Vehumet.
 17748 | Orc:1    | Noticed an orc warlord
 17765 | Orc:1    | Killed an orc warlord
 17776 | Orc:1    | Killed Nergalle
 17776 | Orc:1    | Gained mutation: You can hop long distances. [Barachi
                  | growth]
 17776 | Orc:1    | Reached XP level 13. HP: 67/79 MP: 20/29
 17934 | Orc:2    | Noticed Urug
 17946 | Orc:2    | Found a gate leading to a gauntlet.
 17954 | Gauntlet | Entered a Gauntlet
 17954 | Gauntlet | Found a transporter.
 17954 | Gauntlet | Found a transporter.
 17973 | Gauntlet | Found a transporter.
 17973 | Gauntlet | Found a transporter.
 17981 | Gauntlet | Found a transporter.
 17985 | Gauntlet | Found a transporter.
 17986 | Gauntlet | Found a transporter.
 17992 | Gauntlet | Noticed a death ooze
 17993 | Gauntlet | Noticed a great orb of eyes
 17995 | Gauntlet | Found a transporter.
 17995 | Gauntlet | Found a transporter.
 18029 | Gauntlet | Found a transporter.
 18046 | Gauntlet | Found a transporter.
 18054 | Gauntlet | Found a transporter.
 18105 | Gauntlet | Found a transporter.
 18210 | Gauntlet | Found a transporter.
 18233 | Gauntlet | Found a transporter.
 18239 | Gauntlet | Found a transporter.
 18682 | Gauntlet | Paralysed by a great orb of eyes for 6 turns
 18700 | Gauntlet | Killed a great orb of eyes
 18737 | Gauntlet | Got a pair of pitted boots
 18836 | Gauntlet | Identified the +3 rapier of Okawaru's Displeasure {flame,
                  | rN+}
 18836 | Gauntlet | Noticed a minotaur
 18847 | Gauntlet | Killed a minotaur
 18989 | Orc:2    | Killed Urug
 19053 | Orc:2    | Noticed an ettin
 19064 | Orc:2    | Killed an ettin
 19265 | Orc:2    | HP: 1/79 [orc sorcerer/bolt of fire (26)]
 19507 | Orc:2    | Reached skill level 1 in Fighting
 19638 | Orc:2    | Found a staircase to the Elven Halls.
 20590 | Orc:2    | Reached skill level 5 in Dodging
 20591 | Orc:2    | Reached skill level 5 in Fighting
 20724 | Orc:2    | Found Yroagi's Antique Weapon Shoppe.
 20724 | Orc:2    | Found Dustri's Weapon Boutique.
 20726 | Orc:2    | Found Irrega's Antique Weapon Shoppe.
 20726 | Orc:2    | Found Qebut's Food Boutique.
 21035 | Orc:1    | Reached XP level 14. HP: 98/98 MP: 21/31
 21229 | Orc:2    | Bought a fine falchion for 264 gold pieces
 21229 | Orc:2    | Bought a scorched spear for 264 gold pieces
 21239 | Orc:2    | Identified the +1 pair of boots of Amaxo {Dex+4} (You found
                  | it in a Gauntlet)
 21241 | Orc:2    | Identified the +5 falchion of Wirghuilo {vorpal, +Inv rC+}
                  | (You bought it in a shop on level 2 of the Orcish Mines)
 21242 | Orc:2    | Identified the cursed +3 spear of Royalism {vorpal, rElec
                  | rC++ Str-5} (You bought it in a shop on level 2 of the
                  | Orcish Mines)
 21261 | Orc:2    | Bought a runed fustibalus for 576 gold pieces
 21469 | D:7      | Bought a scroll of enchant weapon for 90 gold pieces
 21479 | D:7      | Bought a potion of magic for 104 gold pieces
 22025 | D:13     | Noticed Kirke
 22401 | D:13     | Noticed a sphinx
 22408 | D:13     | Killed Kirke
 23460 | D:14     | Found a gate to the Vaults.
 23519 | D:14     | Found Zeidd's Antique Armour Boutique.
 23619 | D:14     | Bought a runed buckler for 232 gold pieces
 23631 | D:14     | Got a jewelled great sword
 23709 | D:14     | Reached skill level 1 in Shields
 24672 | D:15     | Entered Level 15 of the Dungeon
 24679 | D:15     | Offered knowledge of Fulminant Prism by Vehumet.
 24833 | D:15     | Found Fabu's Food Boutique.
 25227 | D:15     | Found Gozag's Platinum Reserve.
 25247 | D:15     | Found an opulent altar of Gozag.
 25341 | D:15     | Found Vettuent's Assorted Antiques.
 25351 | D:15     | Found Nynel's Gadget Emporium.
 25366 | D:15     | Identified a scroll of acquirement {!r}
 25366 | D:15     | Identified the +2 pair of boots "Fushroyrr" {Int+2} (You
                  | acquired it on level 15 of the Dungeon)
 25366 | D:15     | Identified the amulet of Anarchy {RegenMP rPois Dex+3 SInv}
                  | (You acquired it on level 15 of the Dungeon)
 25383 | D:15     | Identified the cursed +3 great sword "Orb Guardian's Curse"
                  | {flame, rC+} (You found it on level 14 of the Dungeon)
 25473 | D:15     | Found Niuhowadu's Antique Weapon Boutique.
 25592 | D:15     | Found Pokuip's Antique Weapon Shop.
 25633 | D:15     | Bought a crude ivory ring for 100 gold pieces
 25634 | D:15     | Identified the ring "Foelus" {Wiz rN+ MR+ Int+3} (You
                  | bought it in a shop on level 15 of the Dungeon)
 25993 | D:15     | Reached skill level 10 in Fighting
 26169 | D:15     | Found a staircase to the Depths.
 26179 | D:15     | Reached XP level 15. HP: 115/116 MP: 4/32
 26370 | Lair:1   | Entered Level 1 of the Lair of Beasts
 26380 | Lair:1   | Reached skill level 10 in Dodging
 28014 | Lair:2   | Identified the ring of Leaves {Fire Int+2} (You acquired it
                  | on level 2 of the Lair of Beasts)
 28291 | Lair:2   | Offered knowledge of Freezing Cloud by Vehumet.
 28314 | Lair:2   | Learned a level 6 spell: Freezing Cloud
 29018 | Lair:3   | Noticed Snorg
 29263 | Lair:3   | Found a dark tunnel.
 29357 | Volcano  | Entered a volcano
 29623 | Volcano  | Found a burning altar of Makhleb.
 30151 | Lair:3   | Found a staircase to the Swamp.
 30421 | Lair:3   | Killed Snorg
 31248 | Lair:3   | Reached skill level 1 in Staves
 32445 | Lair:4   | Found a staircase to the Snake Pit.
 32476 | Lair:4   | Offered knowledge of Ozocubu's Refrigeration by Vehumet.
 32585 | D:7      | Bought a scroll of amnesia for 42 gold pieces
 32593 | D:7      | Learned a level 6 spell: Ozocubu's Refrigeration
 32709 | Lair:4   | Reached XP level 16. HP: 115/131 MP: 22/33
 32745 | Lair:4   | Reached ****** piety under Vehumet
 33758 | Lair:5   | Found a staircase to the Slime Pits.
 34182 | Lair:6   | Entered Level 6 of the Lair of Beasts
 34476 | Lair:6   | Reached skill level 5 in Staves
 34485 | Lair:6   | Offered knowledge of Fireball by Vehumet.
 34749 | Lair:6   | Got an iridescent hand crossbow
 34950 | Lair:6   | Noticed Rupert
 34956 | Lair:6   | Killed Rupert
 35044 | Lair:6   | Identified the +3 hand crossbow of Leror {elec, rF++ Str+2
                  | Int-3} (You found it on level 6 of the Lair of Beasts)
 35525 | Snake:1  | Entered Level 1 of the Snake Pit
 35525 | Snake:1  | Noticed Asterion
 35529 | Snake:1  | Killed Asterion
 35663 | Snake:1  | Found Vibast's Armour Boutique.
 35671 | Snake:1  | Learned a level 2 spell: Swiftness
 35969 | Snake:1  | Found the +7 great mace "Undeadhunter" {disrupt, rN+}
 36211 | Snake:1  | Got a warped hand axe
 36282 | Snake:1  | Identified the +7 hand axe of the Boiling Point {pain, rF+
                  | rN+ Stlth-} (You found it on level 1 of the Snake Pit)
 36942 | Snake:2  | Identified Roxanne's Grimoire of Shape Shifting
 36942 | Snake:2  | Noticed Roxanne
 37091 | Snake:2  | Killed Roxanne
 37220 | Snake:2  | Reached XP level 17. HP: 140/140 MP: 32/35
 37239 | Snake:2  | Noticed Jorgrun
 37240 | Snake:2  | Reached skill level 15 in Fighting
 37244 | Snake:2  | Killed Jorgrun
 37370 | Snake:2  | Found a glowing golden altar of the Shining One.
 37376 | Snake:2  | Offered knowledge of Conjure Ball Lightning by Vehumet.
 37542 | Snake:2  | Found Utaqumn's Weapon Shoppe.
 37543 | Snake:2  | Found Qoumikh's Book Emporium.
 37545 | Snake:2  | Found Gozisei's Distillery.
 37562 | Snake:2  | Found Fofuant's Jewellery Emporium.
 38143 | Snake:3  | Found a transporter.
 38177 | Snake:3  | Found a one-way gate to the infinite horrors of the Abyss.
 38177 | Snake:3  | Noticed Ofeuj's ghost (adept MiBe)
 38217 | Snake:3  | Identified the +9 scimitar "Tormentor" {distort, MP+9 Int+3
                  | Stlth+}
 38217 | Snake:3  | Noticed an Executioner
 38223 | Snake:3  | Noticed a tentacled starspawn
 38349 | Snake:3  | Found a transporter.
 38729 | Snake:3  | Reached skill level 15 in Spellcasting
 38731 | Snake:3  | Killed an Executioner
 38731 | Snake:3  | Reached skill level 15 in Dodging
 38733 | Snake:3  | Killed a tentacled starspawn
 38812 | Snake:3  | Killed Ofeuj's ghost
 39174 | Snake:4  | Entered Level 4 of the Snake Pit
 39206 | Snake:4  | Noticed Aizul
 39209 | Snake:4  | Killed Aizul
 39211 | Snake:4  | Offered knowledge of Starburst by Vehumet.
 39414 | Snake:4  | Reached XP level 18. HP: 153/153 MP: 37/37
 39787 | Snake:4  | Identified the +8 lajatang of Isiewk {vorpal, rF+ Int-2
                  | Dex+4} (You acquired it on level 4 of the Snake Pit)
 40046 | Snake:4  | Got a serpentine rune of Zot
 40096 | Snake:4  | Found a runed translucent door.
 40097 | Snake:4  | Noticed Flugslaktarn's ghost (adept DDFi)
 40208 | Snake:4  | Killed Flugslaktarn's ghost
 40581 | D:3      | Found a snail-covered altar of Cheibriados.
 40581 | D:3      | Found a glowing golden altar of the Shining One.
 40687 | D:3      | Offered knowledge of Fire Storm by Vehumet.
 40687 | D:3      | Offered knowledge of Chain Lightning by Vehumet.
 40687 | D:3      | Offered knowledge of Absolute Zero by Vehumet.
 40947 | Swamp:1  | Entered Level 1 of the Swamp
 41016 | Swamp:1  | Learned a level 9 spell: Absolute Zero
 41016 | Swamp:1  | Reached XP level 19. HP: 164/164 MP: 39/39
 41367 | Swamp:1  | Noticed Josephine
 41369 | Swamp:1  | Killed Josephine
 41511 | Swamp:1  | Reached XP level 20. HP: 172/172 MP: 8/41
 41904 | Swamp:2  | Found a runed translucent gate.
 42117 | Swamp:2  | Found a runed translucent gate.
 42117 | Swamp:2  | Found a runed translucent gate.
 42117 | Swamp:2  | Noticed Pyxoaj's ghost (journeyman GrBe)
 42375 | Swamp:2  | Killed Pyxoaj's ghost
 43676 | Swamp:3  | Noticed Bai Suzhen
 43705 | Swamp:3  | Killed Bai Suzhen
 43937 | Swamp:3  | Learned a level 4 spell: Leda's Liquefaction
 43964 | Swamp:4  | Entered Level 4 of the Swamp
 44992 | Swamp:4  | Noticed Donald
 44993 | Swamp:4  | Killed Donald
 45233 | Swamp:4  | Got a decaying rune of Zot
 45393 | Slime:1  | Entered Level 1 of the Pits of Slime
 45786 | Slime:2  | Reached XP level 21. HP: 183/183 MP: 43/43
 46091 | Slime:2  | Gained mutation: [You occasionally shout uncontrollably at
                  | your foes.] [a shining eye]
 46108 | Slime:5  | Entered Level 5 of the Pits of Slime
 46268 | Slime:5  | Found a viscous altar of Jiyva.
 46268 | Slime:5  | Noticed the Royal Jelly
 46288 | Slime:5  | HP: 4/184 [acid (12)]
 48790 | Slime:5  | Killed the Royal Jelly
 49142 | Slime:5  | Got an ancient plate armour
 49144 | Slime:5  | Got a slimy rune of Zot
 49158 | Slime:5  | Identified a +2 pair of boots of running (You found it on
                  | level 5 of the Pits of Slime)
 49164 | Slime:5  | Got an ancient robe
 49189 | Slime:5  | Identified the +2 scale mail of the Unseen Realm {rElec
                  | Dex+7} (You found it on level 5 of the Pits of Slime)
 49190 | Slime:5  | Identified the cursed +0 robe of Nuoneiv {rC+ Str+2 Int+2}
                  | (You found it on level 5 of the Pits of Slime)
 49253 | Slime:5  | Identified the +5 long sword "Buunur" {drain, Str+3 Int-3
                  | Stlth+} (You found it on level 5 of the Pits of Slime)
 49263 | Slime:5  | Identified Muolenui's Papyrus of Bewitching Companions
 49279 | Slime:5  | Identified the ring "Vouxze" {rN++ Int+5 Dex+3} (You found
                  | it on level 5 of the Pits of Slime)
 49292 | Slime:5  | Identified the cursed +3 hunting sling of Foolhardiness
                  | {venom, +Blink rC- Int-3 SInv} (You found it on level 5 of
                  | the Pits of Slime)
 49737 | Depths:1 | Entered Level 1 of the Depths
 50084 | Depths:1 | Reached XP level 22. HP: 195/195 MP: 36/45
 50091 | Depths:1 | HP: 5/195 [shadow dragon/bolt of negative energy (6)]
 50955 | Snake:2  | Bought the amulet of Avvo Bao {Spirit Int+4 Dex+2} for 793
                  | gold pieces
 51469 | Depths:1 | Found a gateway to Hell.
 51528 | Depths:1 | Got a faintly glowing robe
 51532 | Depths:1 | Identified the +2 robe of Charity {+Fly rElec Int+5 Dex+4}
                  | (You found it on level 1 of the Depths)
 51534 | Depths:1 | Upgraded the game from 0.25-a0-822-g6581751b11 to
                  | 0.25-a0-834-g55863b0b92
 53399 | Depths:2 | Noticed a caustic shrike
 53400 | Depths:2 | Killed a caustic shrike
 53753 | Depths:2 | Noticed a juggernaut
 53868 | Depths:2 | Killed a juggernaut
 54073 | Depths:3 | Reached XP level 23. HP: 206/206 MP: 39/47
 54264 | Depths:3 | Noticed Saint Roka
 54266 | Depths:3 | Killed Saint Roka
 54298 | Depths:3 | Found an iron altar of Okawaru.
 54344 | Depths:3 | Noticed Sojobo
 54347 | Depths:3 | Killed Sojobo
 54356 | Depths:3 | Got a transparent platinum ring
 54365 | Depths:3 | Identified the cursed ring "Luxiemm" {*Drain rN+++ MR+ EV-3
                  | Slay+3} (You found it on level 3 of the Depths)
 54395 | Depths:3 | Found a one-way gate leading to the halls of Pandemonium.
 54450 | Depths:3 | Found a shimmering blue altar of Sif Muna.
 54550 | Depths:3 | Got a heavily runed amber ring
 54552 | Depths:3 | Identified the ring of Autumn {*Corrode rN+ Str+4 Int+2
                  | Dex+3} (You found it on level 3 of the Depths)
 54718 | Depths:3 | Got a shimmering amber ring
 54809 | Depths:4 | Noticed a golden dragon
 54817 | Depths:4 | Killed a golden dragon
 54898 | Depths:4 | Noticed a juggernaut
 54903 | Depths:4 | Killed a juggernaut
 55015 | Depths:4 | Reached XP level 24. HP: 214/216 MP: 19/47
 55603 | Depths:4 | Identified the ring "Selam" {+Inv Str+4 Int+3 Dex-4 Stlth+}
                  | (You found it on level 3 of the Depths)
 55628 | Depths:4 | Got a jewelled scale mail
 55827 | Depths:4 | Identified the +4 scale mail of Altruism {+Blink rElec}
                  | (You found it on level 4 of the Depths)
 55833 | Depths:4 | Got a fine chain mail
 55839 | Depths:4 | Identified the cursed +1 chain mail of Qeyqooc {Str+4
                  | Stlth+} (You found it on level 4 of the Depths)
 56156 | Depths:4 | You fall into a shaft and drop 1 floor!
 56156 | Depths:5 | Entered Level 5 of the Depths
 56187 | Depths:5 | Reached XP level 25. HP: 227/227 MP: 42/47
 56403 | Depths:5 | Found a gateway to a ziggurat.
 56487 | Depths:5 | Found a gate to the Realm of Zot.
 56594 | Depths:5 | Reached skill level 27 in Ice Magic
 56639 | Depths:5 | Identified the +5 broad axe of Fuamojoan {pain, rN+ MR+
                  | Str-4 Dex+4}
 57255 | Depths:5 | Found a sparkling altar of Nemelex Xobeh.
 57614 | Depths:4 | Noticed a juggernaut
 57620 | Depths:4 | Killed a juggernaut
 57620 | Depths:4 | Reached skill level 27 in Fighting
 58204 | D:14     | Bought a smoking chain mail for 294 gold pieces
 58204 | D:14     | Bought a pair of runed gloves for 232 gold pieces
 58204 | D:14     | Bought a pair of embroidered gloves for 232 gold pieces
 58257 | D:14     | Identified the +1 chain mail "Qoahait" {rElec Dex+3} (You
                  | bought it in a shop on level 14 of the Dungeon)
 58346 | Hell     | Entered the Vestibule of Hell
 58346 | Hell     | Noticed Geryon
 58347 | Hell     | Killed Geryon
 58531 | Hell     | Reached XP level 26. HP: 241/241 MP: 43/47
 58750 | Hell     | Found a gateway to the decaying netherworld of Tartarus.
 58996 | Hell     | Found a gateway to the freezing wastes of Cocytus.
 59122 | Hell     | Found a gateway to the Iron City of Dis.
 59264 | Hell     | Found a gateway to the ashen valley of Gehenna.
 59877 | Vaults:1 | Entered Level 1 of the Vaults
 60173 | Vaults:1 | Found Esiwniq's Distillery.
 60468 | Vaults:2 | Found Cockig's Gadget Boutique.
 60500 | Vaults:2 | Noticed Nikola
 60500 | Vaults:2 | Noticed Margery
 60504 | Vaults:2 | Killed Nikola
 60505 | Vaults:2 | Killed Margery
 60541 | Vaults:2 | Found Vaagash's Gadget Shop.
 60544 | Vaults:2 | Found a magical portal.
 60559 | WizLab   | Entered Lehudib's Moon Base
 61021 | WizLab   | Got a flickering pewter amulet
 61067 | WizLab   | Found a transporter.
 61202 | WizLab   | Gained mutation: [Your spells are a little easier to cast,
                  | but a little less powerful.] [a neqoxec]
 61346 | WizLab   | Found a transporter.
 61425 | WizLab   | Got a slimy jade ring
 61519 | WizLab   | Reached XP level 27. HP: 248/248 MP: 39/48
 61591 | WizLab   | Identified the amulet "Onejud" {Spirit rPois} (You found it
                  | in a wizard's laboratory)
 61601 | WizLab   | Identified the ring "Boxaisoi" {rF+ rN+} (You found it in a
                  | wizard's laboratory)
 61647 | WizLab   | Identified Lehudib's Grimoire of the Dislocated Mountains
 61705 | Vaults:2 | Found Jearr's Armour Boutique.
 61906 | Vaults:2 | Found Qorghiug's Food Boutique.
 61906 | Vaults:2 | Found Seopru Xuadd's Magic Scroll Boutique.
 62038 | Vaults:2 | Bought a scroll of blinking for 97 gold pieces
 62412 | Vaults:5 | Entered Level 5 of the Vaults
 62758 | Vaults:5 | Found the +1 cloak of Starlight {rElec rC+ EV+4 Stlth--}
 62783 | Vaults:5 | Cast into level 3 of the Abyss (a deep elf sorcerer)
 62824 | Abyss:3  | Reached skill level 1 in Long Blades
 62959 | Abyss:3  | Paralysed by accursed screaming for 1 turns
 62960 | Abyss:3  | HP: 4/248 [starcursed mass/accursed screaming (11)]
 62971 | Abyss:3  | Killed from afar by a starcursed mass

Levels and vault maps discovered:
D:1:      elethiomel_arrival_maze, layout_basic
D:2:      layout_basic, chequers_serial_rivers_small_b
D:3:      layout_loops_ring, nicolae_overflow_hidden_temple,
          gammafunk_temple_overflow_arena
D:4:      layout_loops_ring, amethyst_overflow_temple_binary,
          minmay_temple_entry_poolview
D:5:      layout_loops_ring, first_ration, nrook_pool_corridor,
          nicolae_ru_the_path_less_chosen, uniq_pikel
D:6:      minmay_inner_zag, layout_basic, elyvilon_altar_1,
          nicolae_ossuary_entry_ruins, serial_shops, kennysheep_mini,
          uniq_duvessa
D:7:      layout_loops_ring, kennysheep_mini_moat, serial_shops,
          nicolae_shop_trees, shop, shop
D:8:      layout_basic, david_lair_generic, hangedman_ranch
          [blue_anna_fruit_fields], lemuel_flame_loot_1
D:9:      statuecave_lemuel, layout_basic, lemuel_coloured_pillars_altar,
          chequers_mini_garden, hangedman_decor_slide_cut, minmay_radiant
D:10:     layout_gridville
D:11:     layout_irregular_city
D:12:     kennysheep_windowed_halls, layout_basic, hiddenorc2_lemuel,
          uniq_azrael
D:13:     layout_cave_pools, lemuel_flamethrower_3, uniq_kirke
D:14:     layout_layer_cave, hangedman_vaults_entry_quadrant_bands,
          serial_shops, nicolae_shop_overgrown_old_shop, minivault_19,
          chequers_serial_rivers_micro_b, minivault_25
D:15:     grunt_enter_depths_magical_seal, layout_cave_pools,
          nicolae_gozag_zags_fifth_avenue, serial_shops, shop, shop,
          nicolae_shop_trees, nicolae_shop_behind_doors, nicolae_shop_crystal
Temple:   dshaligram_water_room_temple
Lair:1:   layout_small_grid, special_room [special_room_bee], minivault_27
Lair:2:   lemuel_reptile_caves, layout_chaotic_city, serial_bayou_pond_d,
          hibernation_bobbens
Lair:3:   mu_elephants_graveyard, layout_long_grid, swamp_mist,
          nicolae_volcano_entry_lava_flow, uniq_snorg
Lair:4:   layout_concentric_octagons, guppyfry_snake_entry_island,
          serial_bayou_shore_b, lemuel_fruit_tree, minmay_lair_oklob_chamber,
          serial_bayou_shore_b
Lair:5:   layout_regular_city, nicolae_slime_entry_slimehenge,
          infiniplex_staircase_pool
Lair:6:   minmay_lair_end_frog_pond, layout_regular_city, grunt_megastairs_4,
          uniq_rupert
Swamp:1:  layout_basic_swamp, hangedman_swamp_ruin_hall, uniq_josephine
Swamp:2:  layout_falls_marsh, gammafunk_ghost_split,
          nicolae_swamp_round_clearing
Swamp:3:  layout_basic_swamp, evilmike_swamp_ruin_house_3, swamp_pool4,
          uniq_bai_suzhen
Swamp:4:  swamp_icy, layout_basic_swamp, swamp_pool4, uniq_donald
Snake:1:  kennysheep_six_static_rooms, layout_chambers, serial_shops,
          nicolae_shop_stone, special_room, grunt_megastairs_1, uniq_asterion
Snake:2:  layout_onion, basic_altar, minmay_shoptagon, uniq_roxanne,
          uniq_jorgrun
Snake:3:  layout_cave_shapes, gammafunk_ghost_abyssal_escape
Snake:4:  snake_pit, layout_basic, ebering_ghost_inner_flame, uniq_aizul
Slime:1:  layout_caves
Slime:2:  layout_caves
Slime:3:  layout_caves
Slime:4:  layout_caves
Slime:5
Orc:1:    layout_caves, uniq_nergalle
Orc:2:    grunt_orc_tribal_feast, layout_caves, gauntlet_entry_generic,
          mines4_lemuel, uniq_urug
Vaults:1: nicolae_vaults_what_the_h, ontoclasm_vaults_loading_screen,
          v_pattern_5, vaults_standard_mumra_lines, vaults_room_hallway,
          hangedman_vaults_trim, layout_vaults_quadrants, serial_shops,
          nicolae_shop_statue_plus
Vaults:2: minmay_crypt_entry_skeletal_spiral, vaults_dpeg_hooks,
          vaults_dpeg_spiral, ontoclasm_vaults_eye, vaults_room_stairs_pillars,
          hangedman_vaults_stagger, vaults_room_stairs_pillars,
          vaults_room_hallway, grunt_vaults_twisty, hangedman_vaults_trim,
          grunt_vaults_bifocal, layout_vaults_maze_bifur, serial_shops,
          nicolae_shop_competitors_out_of_business, shop, shop, shop,
          nicolae_shop_trees, infiniplex_enter_wizlab_water, uniq_nikola,
          uniq_margery
Vaults:3: ontoclasm_vaults_loading_screen, nicolae_vaults_branching_niches,
          vaults_dpeg_diagonal, v_misc_25, hangedman_vaults_nails,
          nicolae_vaults_network_quincunx
          [nicolae_vaults_network_quincunx_subvault,
          nicolae_vaults_network_quincunx_subvault,
          nicolae_vaults_network_quincunx_subvault,
          nicolae_vaults_network_quincunx_subvault,
          nicolae_vaults_network_quincunx_subvault],
          nicolae_vaults_specimen_jars, v_misc_31, grunt_vaults_focal,
          v_misc_16, ontoclasm_vaults_loading_screen, v_alt_pattern_2,
          vaults_room_octagon, hangedman_vaults_impose, v_misc_3,
          layout_vaults_omnibox, serial_shops, shop
Vaults:4: ontoclasm_vaults_gateway, st_squares, nicolae_vaults_little_squares_4,
          ontoclasm_vaults_idyll, hangedman_vaults_restitches,
          ontoclasm_vaults_chip, hangedman_vaults_nails, v_misc_18,
          nicolae_vaults_circle_grid_a, vaults_room_corners, v_pattern_2,
          layout_vaults_omnicross, uniq_mennas, uniq_boris, uniq_xtahua
Vaults:5
Depths:1: layout_cave_shapes, hell_entry, onia_ninara_cookie
Depths:2: minmay_two_paths, layout_gridville, infiniplex_staircase_zigzag_3,
          grunt_hell_entry_dis_mu
Depths:3: hangedman_spin_cycle, pan_entry, serial_shops, hell_entry
Depths:4: minmay_octagon_city, layout_basic, abyss_entry, hell_entry, drop_trap,
          infiniplex_staircase_hallway_doors
Depths:5: grunt_zot_entry_tricorne, layout_cave_pools, enter_ziggurat_d,
          special_room [special_room_jelly], abyss_entry,
          nemelex_xobeh_ov_fountains_minmay, hell_entry, serial_bayou_shore_b,
          serial_bayou_shore_b
Hell
Abyss:3:  base: Snake:2, evilmike_abyss_rune_ettins,
          serial_sigils_hangedman_quiver, nicolae_abyss_rune_star_stuff,
          serial_sigils_hangedman_quiver, evilmike_abyss_exit_15,
          nicolae_abyss_rune_star_stuff, nicolae_abyss_rune_star_stuff, base:
          Snake:2, base:
Snake:2

Skill      XL: |  1  2  3  4  5  6  7  8  9 10 11 12 13 14 15 16 17 18 19 20 21 22 23 24 25 26 27 |
---------------+----------------------------------------------------------------------------------+-----
Ice Magic      | 5 6 7 8 10 11 13 15 16 19 20 21 22 24 26 27 | 27.0
Spellcasting   | 3 4 5 6 8 9 10 12 13 14 15 16 17 18 19 20 21 23 | 23.1
Stealth        | 2 |  2.0
Evocations     | 3 4 |  4.0
Air Magic      | 2 4 |  4.0
Fighting       | 5 10 13 14 16 18 20 21 23 24 25 27 | 27.0
Dodging        | 5 9 12 13 15 18 20 | 20.7
Shields        | 4 |  4.0
Staves         | 3 6 |  6.0
Long Blades    | 3 |  3.0

Action                   |  1- 3 |  4- 6 |  7- 9 | 10-12 | 13-15 | 16-18 | 19-21 | 22-24 | 25-27 || total
-------------------------+-------+-------+-------+-------+-------+-------+-------+-------+-------++-------
Melee: Unarmed           |     7 |       |       |       |     5 |       |       |       |       ||    12
       Long sword        |       |       |     4 |    21 |       |       |       |       |       ||    25
       Falchion          |       |       |       |     4 |       |       |       |       |       ||     4
       Staff             |       |       |       |    40 |   172 |    32 |    40 |    41 |       ||   325
       Scimitar          |       |       |       |       |       |       |       |    63 |    57 ||   120
 Fire: Hunting sling     |    37 |   139 |   124 |   386 |       |       |       |       |       ||   686
 Cast: Freeze            |    34 |    16 |    41 |   126 |     1 |       |     1 |       |       ||   219
       Frozen Ramparts   |       |    13 |    30 |    87 |    32 |     1 |       |     1 |       ||   164
       Summon Ice Beast  |       |     1 |     6 |    39 |       |       |       |       |       ||    46
       Ozocubu's Armour  |       |       |       |     1 |       |       |       |       |       ||     1
       Summon Lightning  |       |       |       |     1 |       |       |       |       |       ||     1
       Airstrike         |       |       |       |    66 |   650 |   153 |   247 |    41 |       ||  1157
       Metabolic Englaci |       |       |       |       |     1 |       |       |       |       ||     1
       Freezing Cloud    |       |       |       |       |     7 |       |       |       |       ||     7
       Ozocubu's Refrige |       |       |       |       |     2 |   178 |   210 |   190 |   265 ||   845
       Absolute Zero     |       |       |       |       |       |       |     1 |    78 |   134 ||   213
 Abil: Hop               |       |       |     2 |     6 |     6 |     2 |     2 |       |       ||    18
Evoke: Wand              |       |       |     4 |    19 |    20 |       |    21 |       |       ||    64
  Use: Scroll            |       |       |       |    27 |    21 |     8 |    15 |    13 |     9 ||    93
       Potion            |       |       |       |     7 |     6 |     2 |     1 |       |     1 ||    17
 Stab: Sleeping          |     1 |       |       |       |       |       |       |       |     1 ||     2
       Paralysed         |       |       |       |       |     3 |       |       |       |       ||     3
       Distracted        |       |       |       |       |       |       |     1 |       |       ||     1
  Eat: Chunk             |     2 |    11 |    13 |    22 |    44 |    19 |     8 |    27 |    16 ||   162
       Ration            |       |       |       |     6 |     4 |    13 |     8 |     1 |     5 ||    37
Armor: Robe              |    10 |     2 |     4 |    84 |    98 |    29 |    32 |    32 |    55 ||   346
       Ring mail         |       |       |       |    26 |     4 |       |       |       |       ||    30
       Skin              |       |       |       |     4 |       |       |       |       |       ||     4
       Troll leather arm |       |       |       |       |    22 |       |       |       |       ||    22
Dodge: Dodged            |    34 |    20 |    53 |   258 |   279 |    97 |    95 |    99 |   177 ||  1112
Block: Buckler           |       |       |       |       |    94 |    52 |    40 |    42 |    67 ||   295
       Rpst.: Long sword |       |       |     6 |     4 |       |       |       |       |       ||    10
       Falchion          |       |       |       |     1 |       |       |       |       |       ||     1
       Scimitar          |       |       |       |       |       |       |       |     1 |    20 ||    21

Table legend:
 A = Non-vault XP
 B = Vault XP
 C = Vault XP percentage of total XP
 D = Non-vault monster count
 E = Vault monster count
 F = Vault count percentage of total count
                 A         B        C        D         E       F
            +---------+---------+-------+---------+---------+-------
      Total |  613387 |  706501 |  53.5 |    1417 |     902 |  38.9
            +---------+---------+-------+---------+---------+-------
        D:1 |      23 |       0 |   0.0 |      15 |       0 |   0.0
        D:2 |      78 |       0 |   0.0 |      23 |       0 |   0.0
        D:3 |     135 |     407 |  75.1 |      21 |       6 |  22.2
        D:4 |     212 |       0 |   0.0 |      18 |       0 |   0.0
        D:5 |     766 |     641 |  45.6 |      21 |       1 |   4.5
        D:6 |     757 |     312 |  29.2 |      13 |       6 |  31.6
        D:7 |     471 |       0 |   0.0 |      10 |       0 |   0.0
        D:8 |    1041 |    2973 |  74.1 |      35 |      11 |  23.9
        D:9 |    4223 |    1427 |  25.3 |      30 |       4 |  11.8
       D:10 |    3192 |       0 |   0.0 |      29 |       0 |   0.0
       D:11 |    6119 |       0 |   0.0 |      30 |       0 |   0.0
       D:12 |    1279 |    6073 |  82.6 |       8 |      57 |  87.7
       D:13 |    3140 |    3057 |  49.3 |      21 |       6 |  22.2
       D:14 |    6785 |    4898 |  41.9 |      30 |      14 |  31.8
       D:15 |   12465 |    4366 |  25.9 |      28 |       9 |  24.3
     Lair:1 |    1968 |    1339 |  40.5 |       9 |      18 |  66.7
     Lair:2 |    5953 |    3080 |  34.1 |      26 |      32 |  55.2
     Lair:3 |    5935 |    9941 |  62.6 |      24 |      18 |  42.9
     Lair:4 |    8654 |    1858 |  17.7 |      24 |       4 |  14.3
     Lair:5 |    5598 |      78 |   1.4 |      29 |       6 |  17.1
     Lair:6 |    8920 |   16872 |  65.4 |      20 |      50 |  71.4
    Swamp:1 |   17150 |    1683 |   8.9 |      44 |       4 |   8.3
    Swamp:2 |   19456 |    4031 |  17.2 |      39 |       7 |  15.2
    Swamp:3 |   18733 |    4634 |  19.8 |      44 |       1 |   2.2
    Swamp:4 |    8477 |    7974 |  48.5 |      20 |      30 |  60.0
    Snake:1 |   10122 |    6429 |  38.8 |      21 |       9 |  30.0
    Snake:2 |   10498 |    4912 |  31.9 |      16 |       2 |  11.1
    Snake:3 |   28990 |   14663 |  33.6 |      50 |      11 |  18.0
    Snake:4 |   29565 |   35455 |  54.5 |      60 |      46 |  43.4
    Slime:1 |   19259 |       0 |   0.0 |      38 |       0 |   0.0
    Slime:2 |   22352 |       0 |   0.0 |      45 |       0 |   0.0
    Slime:3 |   19785 |       0 |   0.0 |      45 |       0 |   0.0
    Slime:4 |   10882 |       0 |   0.0 |      24 |       0 |   0.0
    Slime:5 |    9279 |   33937 |  78.5 |      13 |      17 |  56.7
      Orc:1 |    3912 |     777 |  16.6 |      45 |       1 |   2.2
      Orc:2 |    6051 |   10201 |  62.8 |      35 |      36 |  50.7
   Vaults:1 |   26173 |   19581 |  42.8 |      42 |      31 |  42.5
   Vaults:2 |   28555 |   21266 |  42.7 |      52 |      28 |  35.0
   Vaults:3 |    3129 |       0 |   0.0 |       3 |       0 |   0.0
   Vaults:4 |    4100 |   12665 |  75.5 |       7 |      19 |  73.1
   Vaults:5 |   16500 |   50974 |  75.5 |      26 |      41 |  61.2
   Depths:1 |   47906 |   13772 |  22.3 |      59 |      15 |  20.3
   Depths:2 |   33012 |   25939 |  44.0 |      55 |      15 |  21.4
   Depths:3 |       0 |   84574 | 100.0 |       0 |      91 | 100.0
   Depths:4 |   39862 |  140195 |  77.9 |      39 |      80 |  67.2
   Depths:5 |   47580 |   49274 |  50.9 |      51 |      40 |  44.0
       Hell |   40275 |   32098 |  44.4 |      57 |      50 |  46.7
    Abyss:3 |   13522 |    3818 |  22.0 |      22 |       5 |  18.5
    Volcano |       0 |    5215 | 100.0 |       0 |      15 | 100.0
     WizLab |       0 |   60737 | 100.0 |       0 |      56 | 100.0
   Gauntlet |     548 |    4375 |  88.9 |       1 |      10 |  90.9
            +---------+---------+-------+---------+---------+-------
